 Dungeon Crawl Stone Soup version 0.26.1-2-gb8aa6d0cf2 (webtiles) character file.

Game seed: 8512215002335619575

581887 Sackgasse the Executioner (level 25, -22/220 HPs)
             Began as a Minotaur Berserker on Mar 10, 2021.
             Was a High Priest of Trog.
             Killed from afar by a hellephant (51 damage)
             ... with a blast of flame
             ... on level 2 of the Crypt on Mar 11, 2021.
             The game lasted 04:37:16 (62575 turns).

Sackgasse the Executioner (Minotaur Berserker)     Turns: 62575, Time: 04:37:16

Health: -22/220    AC: 49    Str: 32    XL:     25   Next: 40%
Magic:  13/13      EV: 12    Int: 17    God:    Trog [*****.]
Gold:   4174       SH: 27    Dex: 22    Spells: 24/24 levels left

rFire    x x .     SeeInvis +   k - +8 war axe of the Revolution {flame, rPois MP-9 Int+5 Stlth+}
rCold    + + +     Faith    .   O - +3 kite shield {rPois}
rNeg     + . .     Spirit   .   x - +7 crystal plate armour
rPois    +         Reflect  +   a - +2 hat {SInv}
rElec    .         Harm     .   p - +2 cloak {rPois}
rCorr    +         Rampage  +   R - +1 pair of gloves "Holaoz" {rF- rC+ rN+ rCorr}
Will     +....                  D - +2 pair of boots {rampage}
Stlth    ..........             M - amulet of reflection
HPRegen  0.46/turn              W - ring "Hethryicva" {Ice *Corrode rPois Int+6 Dex+2}
MPRegen  0.13/turn              s - ring of Ahuohea {Dex+6 Slay+5}

@: lethally poisoned (-22 -> -25), berserk cooldown, slowed, studying 2 skills,
very slow
A: retaliatory headbutt, horns 2, talons 1, camouflage 1, agile 1, blurry vision
3, cold resistance 1, frail 1, screaming 2, strong 1, evolution 1
}: 4/15 runes: decaying, serpentine, slimy, silver
a: Renounce Religion, Berserk, Trog's Hand, Brothers in Arms


You were on level 2 of the Crypt.
You worshipped Trog.
Trog was extremely pleased with you.
You visited 10 branches of the dungeon, and saw 47 of its levels.
You visited the Abyss 1 time.
You also visited: Trove, Sewer, Ossuary and Gauntlet.

You collected 8002 gold pieces.
You spent 3828 gold pieces at shops.

Inventory:

Hand Weapons
 k - the +8 war axe of the Revolution (weapon) {flame, rPois MP-9 Int+5 Stlth+}
   (You took it off a deep elf death mage on level 3 of the Elven Halls)

   It has been specially enchanted to burn those struck by it, causing extra
   injury to most foes and up to half again as much damage against particularly
   susceptible opponents.
   Big, fiery blades are also staple armaments of hydra-hunters.
   It affects your intelligence (+5).
   It protects you from poison.
   It affects your magic capacity (-9).
   It makes you more stealthy.
 w - the +10 hand axe of Salt {flame, rElec rPois Int+2}
   (You found it on level 5 of the Dungeon)

   It has been specially enchanted to burn those struck by it, causing extra
   injury to most foes and up to half again as much damage against particularly
   susceptible opponents.
   Big, fiery blades are also staple armaments of hydra-hunters.
   It affects your intelligence (+2).
   It insulates you from electricity.
   It protects you from poison.
 P - the +8 frozen axe "Frostbite" {freezing cloud, *Noise +Fly rC+}
   (You bought it in a shop on level 3 of the Elven Halls)

   It has been specially enchanted to freeze those struck by it, causing extra
   injury to most foes and up to half again as much damage against particularly
   susceptible opponents.
   It can also slow down cold-blooded creatures.
   It protects you from cold.
   It lets you fly.
   It may make noises in combat.
Armour
 a - a +2 hat of see invisible (worn)
 p - a +2 cloak of poison resistance (worn)
 x - a +7 crystal plate armour (worn)
 D - a +2 pair of boots of rampaging (worn)
 O - a +3 kite shield of poison resistance (worn)
 R - the +1 pair of gloves "Holaoz" (worn) {rF- rC+ rN+ rCorr}
   (You found it on level 2 of the Orcish Mines)

   It makes you vulnerable to fire.
   It protects you from cold.
   It protects you from negative energy.
   It provides partial protection from all sources of acid and corrosion.
Jewellery
 b - an uncursed amulet of regeneration
 d - the ring of the Shining Light {*Tele Dex+2}
   (You found it on level 5 of the Pits of Slime)

   [ring of teleportation]

   It may teleport you next to monsters.
   It affects your dexterity (+2).
 o - an uncursed ring of willpower
 s - the ring of Ahuohea (right hand) {Dex+6 Slay+5}
   (You found it in an ossuary)

   [ring of dexterity]

   It affects your dexterity (+6).
   It affects your accuracy and damage with ranged weapons and melee attacks
   (+5).
 t - the amulet of Lybe {Spirit *Slow rC+ Int+2}
   (You found it on level 5 of the Pits of Slime)

   [amulet of guardian spirit]

   It causes incoming damage to be split between your health and magic.
   It affects your intelligence (+2).
   It protects you from cold.
   It may slow you when you take damage.
 z - an uncursed ring of resist corrosion
 E - an uncursed ring of positive energy
 G - an uncursed amulet of guardian spirit
 I - a +4 ring of protection
 L - an uncursed ring of willpower
 M - an amulet of reflection (around neck)
 S - an uncursed ring of ice
 T - a +6 ring of strength
 W - the ring "Hethryicva" (left hand) {Ice *Corrode rPois Int+6 Dex+2}
   (You found it on level 1 of the Lair of Beasts)

   [ring of ice]

   It enhances your ice magic.
   It affects your intelligence (+6).
   It affects your dexterity (+2).
   It makes you vulnerable to fire.
   It protects you from cold.
   It protects you from poison.
   It may corrode you when you take damage.
 X - an uncursed ring of fire
 Z - an uncursed ring of stealth
Wands
 f - a wand of random effects (94)
 i - a wand of iceblast (24)
 r - a wand of paralysis (38)
 u - a wand of digging (23)
 A - a wand of flame (77)
 C - a wand of acid (28)
 F - a wand of polymorph (27)
 N - a wand of disintegration (36)
 Y - a wand of enslavement (23)
Scrolls
 g - 11 scrolls of fear
 j - 13 scrolls of remove curse
 l - 31 scrolls of teleportation
 y - 3 scrolls of blinking
 H - 3 scrolls of identify
 Q - 6 scrolls of fog
 V - 2 scrolls of magic mapping
Potions
 c - 7 potions of might
 e - 15 potions of curing
 h - 9 potions of flight
 m - 6 potions of haste
 n - 4 potions of invisibility
 q - 3 potions of cancellation
 v - 9 potions of ambrosia
 B - 2 potions of mutation
Books
 J - a manual of Polearms
 U - a manual of Invocations


   Skills:
 + Level 23.9 Fighting
 + Level 6.0 Short Blades
 + Level 0.8(4.1) Long Blades
 + Level 26.5(26.9) Axes
 + Level 6.2(19.3) Maces & Flails
 + Level 8.6(19.9) Polearms
 + Level 5.5(8.9) Staves
 + Level 0.4(0.6) Slings
 + Level 0.4 Bows
 + Level 0.6 Crossbows
 + Level 0.3(0.5) Throwing
 + Level 23.4 Armour
 + Level 5.1 Dodging
 + Level 5.6 Stealth
 + Level 23.4 Shields
 + Level 0.6 Unarmed Combat
 + Level 0.1 Spellcasting
 + Level 0.2 Conjurations
 + Level 0.1 Hexes
 + Level 0.2 Summonings
 + Level 0.3 Necromancy
 + Level 0.2 Translocations
 + Level 0.2 Transmutations
 + Level 0.3 Fire Magic
 + Level 0.3 Ice Magic
 + Level 0.2 Air Magic
 + Level 0.2 Earth Magic
 + Level 0.2 Poison Magic
 + Level 0.7 Invocations
 + Level 2.2 Evocations


You had 24 spell levels left.
You didn't know any spells.
Your spell library was empty.

Dungeon Overview and Level Annotations

Branches:
Dungeon (15/15)            Temple (1/1) D:6            Lair (6/6) D:11
  Swamp (4/4) Lair:4        Snake (4/4) Lair:3        Slime (5/5) Lair:5
    Orc (2/2) D:10            Elf (3/3) Orc:2        Vaults (5/5) D:13
  Crypt (2/3) Vaults:3     Depths (0/5) D:15          Sewer (visited)
Ossuary (visited)         Gauntlet (visited)

Altars:
Cheibriados
Fedhas
Kikubaaqudgha
Okawaru
Qazlal
Ru
Sif Muna
Trog
Wu Jian
Xom
Yredelemnul
Beogh
Jiyva

Shops:
D:10 *   Orc:2 (!(=   Elf:1 (   Elf:2 }   Elf:3 (   Snake:4 [   Vaults:1 }
Vaults:2 *   Vaults:3 :   Vaults:5 :


Innate Abilities, Weirdness & Mutations

You reflexively headbutt those who attack you in melee.
You have a pair of horns on your head.
You have sharp toenails.
Your skin changes colour to match your surroundings (Stealth+).
You are agile. (Dex +2)
Scrolls take you much longer to read.
Your flesh is cold resistant. (rC+)
You are frail. (-10% HP)
You sometimes yell uncontrollably at your foes.
Your muscles are strong. (Str +2)
You evolve.


Message History

The hell knight casts a spell at you.
You easily resist.
The hell knight gestures wildly while chanting.
The hell knight seems to speed up.
The hell knight gestures wildly while chanting.
The hell knight blinks!
The balrug hits you with a +1 demon whip of venom!
You are engulfed in flames!!!
The fire burns you terribly!
* * * LOW HITPOINT WARNING * * *
You are poisoned.
The hell knight hits you but does no damage.
The hellephant blinks!
The hell knight gestures wildly while chanting.
The hell knight blinks!
You continue reading the scroll.
You feel sick. You block the balrug's attack.
You block the hell knight's attack. The hellephant breathes flames at you.
The blast of flame hits you!!! The fire burns you terribly!
You die...

.#......######......+,,,,#...#
.#........>.........###+##.?.#
##...........................#
.....................>.......#
.............................#
...........p.................#
.............................#
..............p...Z.......Z<.#
........)....2Y2@p........ZWZ#
...'''''''''§#ppp.........WzZ#
...'++++++''§...p........Z.Z.#
...'++++'§Y''2p.............M#
...'++....'''#.......Y.......#
...'++.=:.)''+...............#
...'++....'''#...............#
...'++}...'+'#.....(....,,,,,*
...'+++'''++'#.........,,,,,,*


You could see 3 hellephants, 2 balrugs, 8 hell knights, a hellion and a wolf
spider zombie.

Vanquished Creatures
  Dissolution (Slime:3)
  the Royal Jelly (Slime:5)
  2 ancient liches (Vaults:5)
  Margery (Vaults:4)
  3 golden dragons (Vaults:5)
  A tentacled monstrosity (Vaults:5)
  2 titans (Vaults:5)
  6 deep elf blademasters
  3 deep elf master archers
  5 quicksilver dragons (Vaults:5)
  23 acid blobs
  3 ancient champions
  3 storm dragons
  A tentacled starspawn (Abyss:3)
  A thorn hunter (Swamp:3)
  Agnes (Elf:1)
  Roxanne (D:14)
  2 sphinxes (Vaults:5)
  5 shadow dragons (Vaults:5)
  Frances (Elf:1)
  5 tengu reavers (Vaults:5)
  5 fire giants (Vaults:5)
  Donald (Snake:1)
  15 azure jellies
  3 revenants (Crypt:1)
  4 frost giants
  8 nagarajas (Snake:4)
  An orc warlord (Elf:1)
  3 curse skulls
  4 deep elf sorcerers
  A ghoul (Crypt:1)
  16 vault wardens
  3 deep elf elementalists (Elf:3)
  6 very ugly things
  The ghost of kalagan the Eclecticist, an adept DECj of Sif Muna (Elf:2)
  14 ironheart preservers
  10 stone giants
  3 vampire knights (Crypt:2)
  4 deep elf demonologists
  3 bunyips
  5 deep elf annihilators
  A minotaur (Gauntlet)
  2 entropy weavers (Vaults:3)
  4 eidola
  6 fire dragons
  12 deep elf death magi
  4 eleionomae
  13 death oozes
  8 ettins
  3 jiangshi (Crypt:2)
  Josephine (Swamp:1)
  A shambling mangrove (Swamp:2)
  Harold (D:10)
  A fire dragon (shapeshifter) (Vaults:5)
  11 great orbs of eyes
  5 deep elf high priests
  2 ice dragons
  Fannar (Lair:3)
  8 yaktaur captains
  11 naga warriors
  16 hydras
  6 boulder beetles
  6 catoblepae
  32 vault guards
  5 centaur warriors
  4 death knights
  27 anacondas
  2 ghost crabs
  32 two-headed ogres
  3 death yaks (Lair:6)
  2 vampire magi
  12 ogre magi
  The ghost of Valentain the Blocker, a novice GnFi of Yredelemnul (D:10)
  A thrashing horror (Abyss:3)
  8 alligators
  23 dancing weapons
  6 orc high priests
  2 soul eaters
  A shock serpent (shapeshifter) (Vaults:3)
  11 naga sharpshooters
  16 deep elf knights
  10 shock serpents
  3 large abominations
  5 goliath frogs
  3 fire crabs
  A spatial maelstrom (Abyss:3)
  15 skeletal warriors
  3 shadow wraiths
  6 deep trolls
  4 hell knights
  2 glowing orange brains
  A shadow demon (Abyss:3)
  2 flayed ghosts
  22 orc knights
  8 naga ritualists
  10 phantasmal warriors
  A spriggan druid (Swamp:1)
  8 unseen horrors
  5 wizards
  A deep troll (shapeshifter) (Vaults:5)
  5 bog bodies
  19 deep elf archers
  9 swamp dragons
  13 harpies
  40 ugly things
  3 necromancers (Vaults:4)
  8 mana vipers
  10 ironbrand convokers
  2 cyclopes
  Pikel (D:5)
  4 wolf spiders
  3 manticores
  A shadow dragon skeleton (Crypt:1)
  An oklob plant (Lair:5)
  An eleionoma zombie (Crypt:1)
  A lindwurm (Lair:5)
  65 deep elf magi
  4 moths of wrath
  7 orc sorcerers
  A stone giant zombie (Vaults:4)
  A will-o-the-wisp (Swamp:4)
  8 shining eyes
  3 salamanders
  2 eyes of devastation
  Maurice (D:12)
  17 naga magi
  A torpor snail (Lair:6)
  17 vault sentinels
  A water nymph (shapeshifter) (Vaults:2)
  9 guardian serpents
  48 black mambas
  2 cane toads (shapeshifter) (Vaults:4)
  9 cane toads
  4 molten gargoyles (Elf:2)
  4 elephants
  A rime drake (shapeshifter) (Vaults:5)
  A death yak zombie (Crypt:2)
  5 komodo dragons
  35 yaktaurs
  An efreet (D:14)
  4 freezing wraiths
  3 rime drakes
  2 tengu conjurers
  2 queen bees
  3 meliai (D:12)
  An iron troll skeleton (Crypt:1)
  3 polar bears
  14 hornets
  A meliai (shapeshifter) (Elf:1)
  2 jumping spiders (Vaults:3)
  3 tyrant leeches
  7 trolls
  14 blink frogs
  A sphinx simulacrum (Vaults:4)
  10 dream sheep
  84 slime creatures
  3 water elementals
  An ice dragon skeleton (Crypt:2)
  2 air elementals (Elf:3)
  16 wraiths
  A shadow (D:15)
  4 vampires
  3 redbacks (Vaults:3)
  6 spriggans
  4 golden eyes
  9 wyverns
  4 fire elementals
  56 yaks
  A basilisk (D:11)
  3 neqoxecs
  18 vampire mosquitoes
  3 steam dragons
  4 chaos spawn
  Edmund (D:4)
  19 swamp worms
  6 wargs
  4 acid dragons
  49 nagas
  33 water moccasins
  Purgy (D:4)
  A floating eye (shapeshifter) (Elf:3)
  A two-headed ogre skeleton (Crypt:1)
  A monstrous demonspawn skeleton (Crypt:1)
  9 swamp drakes
  5 sky beasts
  A lindwurm zombie (Crypt:1)
  51 orc warriors
  5 eyes of draining
  5 ice beasts
  3 black bears
  A black bear (shapeshifter) (Vaults:4)
  2 necrophages
  4 phantoms
  13 centaurs
  A small abomination (Abyss:3)
  20 wolves
  41 ogres
  A human skeleton (Vaults:4)
  10 big kobolds
  An octopode zombie (Crypt:1)
  An elf zombie (Ossuary)
  16 bullfrogs
  A gnoll sergeant (D:10)
  An earth elemental (Elf:1)
  10 scorpions
  A hornet simulacrum (Vaults:1)
  A human simulacrum (Vaults:1)
  44 killer bees
  7 howler monkeys
  3 electric eels
  3 bullfrog zombies
  A spectral bullfrog (D:10)
  4 centaur zombies
  A centaur skeleton (D:9)
  Crazy Yiuf (D:4)
  2 human zombies
  25 orc priests
  2 bullfrog skeletons
  A gnoll shaman (D:6)
  8 hounds
  An iron imp (Abyss:3)
  8 jellies
  32 orc wizards
  A demonspawn skeleton (Crypt:1)
  Jessica (D:2)
  13 iguanas
  Terence (D:2)
  Natasha (thrice) (D:2)
  13 worker ants
  6 hell rats (Lair:4)
  A killer bee zombie (D:7)
  An acid dragon zombie (Crypt:2)
  A big kobold zombie (Ossuary)
  A tengu zombie (Crypt:2)
  2 hound skeletons (D:10)
  5 mummies
  A howler monkey zombie (D:9)
  A worker ant zombie (D:9)
  9 gnolls
  A river rat (shapeshifter) (Vaults:5)
  17 adders
  5 river rats
  A shadow imp (D:8)
  4 white imps
  3 ufetubi
  3 oozes (Lair:5)
  An adder zombie (D:8)
  2 adder skeletons
  4 worms
  8 leopard geckos
  93 orcs
  8 giant cockroaches
  11 goblins
  8 hobgoblins
  9 jackals
  43 kobolds
  6 quokkas
  3 ball pythons
  8 bats
  2 frilled lizards (D:1)
  2 goblin zombies (Ossuary)
  A hobgoblin zombie (Ossuary)
  2 jackal zombies (Ossuary)
  2 kobold zombies (Ossuary)
  A leopard gecko skeleton (D:6)
  A leopard gecko zombie (D:9)
  2 orc zombies (Ossuary)
  10 rats
  A rat skeleton (Crypt:2)
  3 crawling corpses (Elf:3)
  A plant (Elf:3)
2051 creatures vanquished.

Vanquished Creatures (collateral kills)
  An ancient lich (Vaults:5)
  Mara (Swamp:3)
  A lich (Vaults:5)
  2 acid blobs (Slime:5)
  A shadow dragon (Vaults:5)
  An azure jelly (Slime:5)
  Aizul (Vaults:4)
  Louise (D:15)
  An orc warlord (Orc:2)
  A deep elf elementalist (Elf:3)
  2 ironheart preservers
  A stone giant (Vaults:4)
  A deep elf annihilator (Elf:3)
  The ghost of tysohal the Grappler, a journeyman TrWr of Uskayaw (Orc:2)
  2 deep elf death magi (Elf:3)
  A rakshasa (D:15)
  2 fire dragons (Swamp:4)
  2 hydras (Swamp:4)
  A vault guard (Vaults:2)
  7 anacondas (Snake:4)
  An alligator (Swamp:4)
  A two-headed ogre (Vaults:4)
  2 skeletal warriors (Crypt:2)
  4 deep trolls (Vaults:5)
  A hell knight (Vaults:4)
  A bog body (Swamp:4)
  3 swamp dragons (Swamp:4)
  A deep elf archer (Elf:3)
  4 orc knights
  A deep elf mage (Vaults:5)
  2 wolf spiders
  4 oklob plants
  An orc sorcerer (Orc:2)
  3 guardian serpents (Snake:4)
  6 black mambas (Snake:4)
  A naga mage (Snake:4)
  A vault sentinel (Vaults:2)
  A centaur skeleton (D:15)
  A yaktaur (Vaults:2)
  4 slime creatures
  A steam dragon (Swamp:4)
  4 nagas (Snake:4)
  A water moccasin (Snake:4)
  4 orc warriors
  4 swamp drakes (Swamp:4)
  An ogre (Vaults:5)
  2 orc priests (Orc:2)
  A hound (D:13)
  An orc wizard (Orc:2)
  An adder (Snake:4)
  5 orcs
  2 plants
101 creatures vanquished.

Vanquished Creatures (others)
  Nikola (Swamp:4)
  2 hydras (Swamp:4)
  2 deep elf magi
  A lindwurm (Swamp:4)
  A bloated husk (Swamp:3)
  A water elemental (Elf:1)
  A spriggan (Swamp:4)
  2 steam dragons (Swamp:4)
  A swamp worm (Swamp:2)
  A water moccasin (Lair:2)
  An ogre (Vaults:5)
  An orc (Vaults:5)
  2 briar patches (Swamp:3)
  4 foxfires (Swamp:4)
  22 fungi
  72 plants
  2 starspawn tentacles (Abyss:3)
  9 toadstools (Lair:1)
126 creatures vanquished.

Grand Total: 2278 creatures vanquished

Notes
Turn   | Place    | Note
-------+----------+-------------------------------------------
     0 | D:1      | Sackgasse the Minotaur Berserker began the quest for the
                  | Orb.
     0 | D:1      | Reached XP level 1. HP: 19/19 MP: 0/0
   181 | D:1      | Reached XP level 2. HP: 27/27 MP: 1/1
   566 | D:1      | Reached ** piety under Trog
   707 | D:2      | Noticed Natasha
   708 | D:2      | Killed Natasha
   709 | D:2      | Reached XP level 3. HP: 34/34 MP: 2/2
   709 | D:2      | Noticed Jessica
   726 | D:2      | Killed Jessica
   727 | D:2      | Reached XP level 4. HP: 31/41 MP: 3/3
   883 | D:2      | Noticed Terence
   892 | D:2      | Killed Terence
   893 | D:2      | Reached skill level 5 in Maces & Flails
  1070 | D:2      | You fall into a shaft and drop 2 floors!
  1079 | D:4      | Reached XP level 5. HP: 38/47 MP: 4/4
  1146 | D:4      | Noticed Edmund
  1782 | D:2      | Noticed Natasha
  1789 | D:2      | Killed Natasha
  1956 | D:2      | Noticed Natasha
  1970 | D:2      | Killed Natasha
  2110 | D:3      | Reached skill level 5 in Fighting
  2110 | D:3      | Reached skill level 1 in Short Blades
  2110 | D:3      | Reached skill level 1 in Stealth
  2401 | D:3      | Reached XP level 6. HP: 56/56 MP: 5/5
  2586 | D:3      | Reached *** piety under Trog
  3053 | D:4      | Killed Edmund
  3428 | D:4      | Found a runed translucent door.
  3429 | D:4      | Noticed Crazy Yiuf
  3436 | D:4      | Killed Crazy Yiuf
  3437 | D:4      | Reached XP level 7. HP: 61/61 MP: 6/6
  3537 | D:4      | Noticed Purgy
  3561 | D:4      | Killed Purgy
  3714 | D:5      | Entered Level 5 of the Dungeon
  3753 | D:5      | Reached skill level 5 in Armour
  3828 | D:5      | Noticed Pikel
  3840 | D:5      | Killed Pikel
  3841 | D:5      | Reached skill level 1 in Staves
  3841 | D:5      | Reached XP level 8. HP: 47/70 MP: 7/7
  4178 | D:5      | Got a warped morningstar
  4179 | D:5      | Identified the cursed +3 morningstar of Fate {vorpal, rF+++
                  | rN+ Will- MP+9} (You found it on level 5 of the Dungeon)
  4324 | D:5      | Reached skill level 5 in Short Blades
  4655 | D:5      | Got an encrusted hand axe
  4656 | D:5      | Identified the +10 hand axe of Salt {flame, rElec rPois
                  | Int+2} (You found it on level 5 of the Dungeon)
  5016 | D:6      | Reached skill level 1 in Axes
  5107 | D:6      | Found an ornate altar of the Wu Jian Council.
  5205 | D:6      | Reached skill level 2 in Axes
  5207 | D:6      | Reached **** piety under Trog
  5247 | D:6      | Reached XP level 9. HP: 78/78 MP: 8/8
  5255 | D:6      | Reached skill level 3 in Axes
  5422 | D:6      | Found a glowing drain.
  5426 | Sewer    | Entered a sewer
  5433 | Sewer    | Reached skill level 4 in Axes
  5512 | Sewer    | Found a glowing silver altar of Zin.
  5688 | D:6      | Found a staircase to the Ecumenical Temple.
  5834 | Temple   | Entered the Ecumenical Temple
  5992 | D:7      | Reached skill level 5 in Axes
  6016 | D:7      | Reached skill level 6 in Axes
  6255 | D:7      | Reached ***** piety under Trog
  6268 | D:7      | Reached skill level 7 in Axes
  6328 | D:7      | Found a sand-covered staircase.
  6339 | Ossuary  | Entered an ossuary
  6406 | Ossuary  | Got a shimmering lapis lazuli ring
  6420 | Ossuary  | Identified the ring of Ahuohea {Dex+6 Slay+5} (You found it
                  | in an ossuary)
  6523 | D:7      | Reached skill level 8 in Axes
  7070 | D:8      | Received a gift from Trog
  7106 | D:8      | Reached XP level 10. HP: 88/88 MP: 9/9
  7426 | D:8      | Reached skill level 9 in Axes
  8413 | D:9      | Reached skill level 10 in Axes
  8432 | D:9      | Found an iron altar of Okawaru.
  8931 | D:10     | Entered Level 10 of the Dungeon
  9044 | D:10     | Reached skill level 11 in Axes
  9102 | D:10     | Found a transporter.
  9103 | D:10     | Noticed Valentain's ghost (novice GnFi)
  9109 | D:10     | Noticed a two-headed ogre
  9114 | D:10     | Killed a two-headed ogre
  9133 | D:10     | Found a transporter.
  9134 | D:10     | Noticed an unseen horror
  9136 | D:10     | Killed an unseen horror
  9137 | D:10     | Reached XP level 11. HP: 97/97 MP: 10/10
  9141 | D:10     | Received a gift from Trog
  9155 | D:10     | Reached skill level 12 in Axes
  9182 | D:10     | Killed Valentain's ghost
  9225 | D:10     | Noticed Harold
  9238 | D:10     | Killed Harold
  9239 | D:10     | Reached skill level 10 in Fighting
  9239 | D:10     | Reached skill level 10 in Armour
  9370 | D:10     | Found a staircase to the Orcish Mines.
  9383 | D:10     | Reached skill level 13 in Axes
  9523 | D:10     | Found a portal to a secret trove of treasure.
  9660 | D:10     | Found Laxtonui's Assorted Antiques.
 10053 | D:11     | Noticed a two-headed ogre
 10059 | D:11     | Killed a two-headed ogre
 10199 | D:11     | Noticed an unseen horror
 10214 | D:11     | Reached skill level 14 in Axes
 10217 | D:11     | Killed an unseen horror
 10239 | D:11     | Reached ****** piety under Trog
 10247 | D:11     | Reached XP level 12. HP: 102/110 MP: 11/11
 10311 | D:11     | Found a staircase to the Lair.
 10527 | D:11     | Received a gift from Trog
 10904 | D:12     | Noticed Maurice
 10911 | D:12     | Killed Maurice
 10994 | D:12     | Noticed a centaur warrior
 11006 | D:12     | Killed a centaur warrior
 11014 | D:12     | Noticed a two-headed ogre
 11020 | D:12     | Killed a two-headed ogre
 11143 | D:12     | Reached skill level 15 in Axes
 12069 | D:13     | You fall into a shaft and drop 2 floors!
 12069 | D:15     | Entered Level 15 of the Dungeon
 12069 | D:15     | Noticed a two-headed ogre
 12078 | D:15     | Killed a two-headed ogre
 12140 | D:15     | Noticed a rakshasa
 12140 | D:15     | Noticed a boulder beetle
 12172 | D:15     | Killed a boulder beetle
 12173 | D:15     | Killed a rakshasa
 12174 | D:15     | Reached XP level 13. HP: 61/119 MP: 12/12
 12303 | D:15     | Received a gift from Trog
 12738 | D:15     | Reached skill level 1 in Shields
 12740 | D:15     | Found a staircase to the Depths.
 13156 | D:14     | Found a sacrificial altar of Ru.
 13213 | D:14     | Reached skill level 16 in Axes
 13379 | D:14     | Received a gift from Trog
 13554 | D:13     | Reached skill level 5 in Shields
 13635 | D:13     | Found a runed translucent door.
 13703 | D:13     | Found a roughly hewn altar of Beogh.
 13942 | D:13     | Reached XP level 14. HP: 107/133 MP: 13/13
 14049 | D:13     | Found a gate to the Vaults.
 14704 | D:14     | Noticed Roxanne
 14741 | D:14     | Killed Roxanne
 15098 | D:15     | Noticed Louise
 15109 | D:15     | Killed Louise
 15190 | D:15     | Reached skill level 15 in Fighting
 15190 | D:15     | Identified a scroll of acquirement
 15195 | D:15     | Acquired a +2 kite shield of poison resistance
 15208 | D:15     | Gained mutation: Your spells are a little harder to cast,
                  | but a little more powerful. [potion of mutation]
 15208 | D:15     | Gained mutation: Your skin changes colour to match your
                  | surroundings (Stealth+). [potion of mutation]
 15209 | D:15     | Lost mutation: Your spells are a little harder to cast, but
                  | a little more powerful. [potion of mutation]
 15209 | D:15     | Gained mutation: You occasionally shout uncontrollably at
                  | your foes. [potion of mutation]
 15209 | D:15     | Gained mutation: You are weak. (Str -2) [potion of
                  | mutation]
 15209 | D:15     | Gained mutation: You are strong-willed. (Will+) [potion of
                  | mutation]
 15318 | D:15     | Received a gift from Trog
 15416 | D:15     | Found the +12 glaive of Prune {vorpal}
 15826 | Orc:1    | Entered Level 1 of the Orcish Mines
 16079 | Orc:1    | Reached skill level 1 in Polearms
 16189 | Orc:2    | Entered Level 2 of the Orcish Mines
 16189 | Orc:2    | Found a staircase to the Elven Halls.
 16535 | Orc:2    | Found Ruavurcha's Weapon Emporium.
 16577 | Orc:2    | Reached skill level 5 in Polearms
 16605 | Orc:2    | Found Souh Nio's Jewellery Emporium.
 16606 | Orc:2    | Found Tonah's Antique Weapon Shop.
 16606 | Orc:2    | Found Heegaecy's Distillery.
 16778 | Orc:2    | Found a runed translucent gate.
 16778 | Orc:2    | Noticed tysohal's ghost (journeyman TrWr)
 16783 | Orc:2    | Found a runed translucent gate.
 16784 | Orc:2    | Found a runed translucent gate.
 16787 | Orc:2    | Noticed an orc warlord
 16884 | Orc:2    | Noticed a stone giant
 16893 | Orc:2    | Killed a stone giant
 16894 | Orc:2    | Reached skill level 17 in Axes
 17055 | Orc:2    | Identified the cursed +0 buckler of the Endless Coins
                  | {Int+3}
 17059 | Orc:2    | Found a roughly hewn altar of Beogh.
 17066 | Orc:2    | Killed an orc warlord
 17077 | Orc:2    | Killed tysohal's ghost
 17103 | Orc:2    | Got a pair of bloodstained gloves
 17114 | Orc:2    | Identified the +1 pair of gloves "Holaoz" {rF- rC+ rN+
                  | rCorr} (You found it on level 2 of the Orcish Mines)
 17209 | Lair:1   | Entered Level 1 of the Lair of Beasts
 17489 | Lair:1   | Received a gift from Trog
 17554 | Lair:1   | Reached XP level 15. HP: 141/141 MP: 14/14
 17801 | Lair:1   | Found a runed translucent door.
 17930 | Lair:1   | Got a sparkling wooden ring
 17932 | Lair:1   | Identified the ring "Hethryicva" {Ice *Corrode rPois Int+6
                  | Dex+2} (You found it on level 1 of the Lair of Beasts)
 18585 | Lair:2   | Found a dark tunnel.
 18668 | Lair:2   | Found a shimmering blue altar of Sif Muna.
 19291 | Lair:3   | Reached skill level 15 in Armour
 19366 | Lair:3   | Found a gate leading to a gauntlet.
 19375 | Gauntlet | Entered a Gauntlet
 19375 | Gauntlet | Found a transporter.
 19375 | Gauntlet | Found a transporter.
 19375 | Gauntlet | Found a transporter.
 19376 | Gauntlet | Found a transporter.
 19379 | Gauntlet | Found a transporter.
 19391 | Gauntlet | Found a transporter.
 19394 | Gauntlet | Found a transporter.
 19402 | Gauntlet | Found a transporter.
 19411 | Gauntlet | Found a transporter.
 19429 | Gauntlet | Found a transporter.
 19437 | Gauntlet | Found a transporter.
 19457 | Gauntlet | Found a transporter.
 19857 | Lair:3   | Reached skill level 10 in Shields
 19861 | Lair:3   | Found a staircase to the Snake Pit.
 19861 | Lair:3   | You fall into a shaft and drop 3 floors!
 19861 | Lair:6   | Entered Level 6 of the Lair of Beasts
 21360 | Lair:5   | Received a gift from Trog
 21714 | Lair:5   | Found a runed translucent door.
 21714 | Lair:5   | Found a viscous altar of Jiyva.
 21715 | Lair:5   | Found a staircase to the Slime Pits.
 21959 | Lair:5   | Found a blossoming altar of Fedhas.
 23233 | Lair:4   | Found a staircase to the Swamp.
 23549 | Lair:3   | Received a gift from Trog
 23570 | Lair:3   | Reached XP level 16. HP: 150/152 MP: 15/15
 23730 | Lair:3   | Noticed Fannar
 23739 | Lair:3   | Killed Fannar
 24358 | Snake:1  | Entered Level 1 of the Snake Pit
 24564 | Snake:1  | Noticed Donald
 24580 | Snake:1  | Killed Donald
 24581 | Snake:1  | Reached skill level 18 in Axes
 25605 | Snake:2  | Received a gift from Trog
 26128 | Snake:2  | You fall into a shaft and drop 1 floor!
 26845 | Snake:3  | Reached XP level 17. HP: 159/161 MP: 16/16
 27342 | Snake:4  | Entered Level 4 of the Snake Pit
 27580 | Snake:4  | Found Oreom's Antique Armour Shoppe.
 27604 | Snake:4  | Acquired a manual of Polearms
 27629 | Snake:4  | Found a runed translucent gate.
 27629 | Snake:4  | Found a runed translucent gate.
 27630 | Snake:4  | Found a runed translucent gate.
 27675 | Snake:4  | Received a gift from Trog
 27679 | Snake:4  | Reached skill level 15 in Shields
 28441 | Snake:4  | Received a gift from Trog
 28450 | Snake:4  | Got a smoking quarterstaff {god gift}
 29146 | Snake:4  | Reached skill level 19 in Axes
 29173 | Snake:4  | Got a serpentine rune of Zot
 30130 | Swamp:1  | Entered Level 1 of the Swamp
 30130 | Swamp:1  | Noticed Josephine
 30138 | Swamp:1  | Killed Josephine
 30164 | Swamp:1  | Identified the +10 quarterstaff of the Old World {vorpal,
                  | *Noise rF+ Str-3 Dex+9} (Trog gifted it to you on level 4
                  | of the Snake Pit)
 30205 | Swamp:1  | Reached XP level 18. HP: 161/172 MP: 17/17
 30611 | D:10     | You paid a toll of 3 potions of resistance to enter a
                  | treasure trove
 30612 | Trove    | Entered a treasure trove
 30660 | Trove    | Got a wavering golden amulet
 30903 | Elf:1    | Entered Level 1 of the Elven Halls
 30916 | Elf:1    | Identified the amulet "Cogeis" {Inacc rF+} (You found it in
                  | a treasure trove)
 31090 | Elf:1    | Noticed Frances
 31106 | Elf:1    | Found Ideny's Weapon Shop.
 31198 | Elf:1    | Killed Frances
 31224 | Elf:1    | Received a gift from Trog
 31273 | Elf:1    | Found a roughly hewn altar of Beogh.
 31716 | Elf:1    | Noticed Agnes
 31730 | Elf:1    | Killed Agnes
 32401 | Elf:1    | Got a smouldering long sword
 32407 | Orc:2    | Identified the +6 long sword of Quantum Leap {drain, Dex+4
                  | Stlth+} (You found it on level 1 of the Elven Halls)
 33181 | Swamp:2  | Received a gift from Trog
 33727 | Swamp:2  | Acquired a manual of Armour
 33961 | Swamp:3  | Noticed Mara
 33978 | Swamp:3  | Noticed Sackgasse's illusion
 33999 | Swamp:3  | Noticed Sackgasse's illusion
 34002 | Swamp:3  | Killed Mara
 34488 | Swamp:4  | Entered Level 4 of the Swamp
 34606 | Swamp:4  | Reached XP level 19. HP: 111/179 MP: 18/18
 34611 | Swamp:4  | Received a gift from Trog
 35106 | Swamp:4  | Acquired 988 gold pieces
 35239 | Swamp:4  | Noticed Nikola
 35256 | Swamp:4  | Killed Nikola
 35690 | Swamp:4  | Got a jewelled rapier {god gift}
 35698 | Swamp:4  | Identified the +6 rapier "Oqiq" {vorpal, Int+3} (Trog
                  | gifted it to you on level 4 of the Swamp)
 35726 | Swamp:4  | Got a decaying rune of Zot
 36131 | Elf:2    | Found a huge runed translucent gate.
 36131 | Elf:2    | Found a huge runed translucent gate.
 36131 | Elf:2    | Found a huge runed translucent gate.
 36131 | Elf:2    | Found a huge runed translucent gate.
 36131 | Elf:2    | Found a huge runed translucent gate.
 36273 | Elf:2    | Reached skill level 20 in Axes
 37011 | Elf:2    | Found Qilleved's Gadget Boutique.
 37040 | Elf:2    | Received a gift from Trog
 37159 | Elf:2    | Found a transporter.
 37244 | Elf:2    | Found a transporter.
 37248 | Elf:2    | Identified the cursed +2 rapier "Ruom" {vorpal, Str+5
                  | Dex-5}
 37249 | Elf:2    | Found a bloodstained altar of Trog.
 37249 | Elf:2    | Noticed kalagan's ghost (adept DECj)
 37249 | Elf:2    | Identified the +7 rapier "Ytidd" {vorpal, +Blink rF++ rN+
                  | Dex-3}
 37250 | Elf:2    | Identified the cursed +3 longbow "Hompuw" {freeze, Int+4
                  | Stlth+}
 37282 | Elf:2    | Killed kalagan's ghost
 37785 | Elf:2    | Got a steaming flail
 37786 | Elf:2    | Identified the +5 flail of Zin's Anger {vorpal, +Blink
                  | Dex+2} (You found it on level 2 of the Elven Halls)
 37904 | Elf:3    | Entered Level 3 of the Elven Halls
 38302 | Elf:3    | Found Leesis's Antique Weapon Shoppe.
 38320 | Elf:3    | Bought the +8 frozen axe "Frostbite" {freezing cloud,
                  | *Noise +Fly rC+} for 2824 gold pieces
 38320 | Elf:3    | Found the +8 frozen axe "Frostbite" {freezing cloud, *Noise
                  | +Fly rC+}
 38320 | Elf:3    | Bought a dazzling battleaxe for 460 gold pieces
 38329 | Elf:3    | Identified the +1 battleaxe of the Vine {vorpal, Str+4}
                  | (You bought it in a shop on level 3 of the Elven Halls)
 38870 | Elf:3    | Received a gift from Trog
 38892 | Elf:3    | Reached skill level 1 in Evocations
 38986 | Elf:3    | Identified the +8 war axe of the Revolution {flame, rPois
                  | MP-9 Int+5 Stlth+}
 38991 | Elf:3    | Identified the +6 hand axe of Gopobiup {vorpal, Fragile
                  | +Fly rElec rN+}
 39002 | Elf:3    | Identified the +8 mace of Ympomauk {venom, rC- rN+ Str+5}
 39002 | Elf:3    | Identified the +2 leather armour of Exzara {Rampage rPois
                  | Int+9 Dex-3}
 39003 | Elf:3    | Noticed a Brimstone Fiend
 39595 | Elf:3    | Reached XP level 20. HP: 125/193 MP: 19/19
 40531 | Elf:3    | Identified Gewefoon's Incunabulum of Greatest Risks and
                  | Utility
 41084 | Vaults:1 | Entered Level 1 of the Vaults
 41290 | Vaults:1 | Received a gift from Trog
 41505 | Vaults:1 | Found Tuetex's Gadget Shoppe.
 41798 | Vaults:1 | Reached skill level 5 in Stealth
 42337 | Vaults:1 | Received a gift from Trog
 42392 | Vaults:1 | Reached skill level 21 in Axes
 44293 | Vaults:2 | Found Bidwax's Assorted Antiques.
 44340 | Vaults:2 | Bought a scroll of enchant armour for 240 gold pieces
 44340 | Vaults:2 | Bought an ancient tower shield for 304 gold pieces
 44343 | Vaults:2 | Identified the +0 tower shield of the Morning Star {Dex+6}
                  | (You bought it in a shop on level 2 of the Vaults)
 44449 | Vaults:2 | Received a gift from Trog
 45128 | Vaults:3 | Reached XP level 21. HP: 202/202 MP: 20/20
 45156 | Vaults:3 | Reached skill level 22 in Axes
 45158 | Vaults:3 | Found a stormy altar of Qazlal.
 45369 | Vaults:3 | Found a staircase to the Crypt.
 45369 | Vaults:3 | Found an ancient bone altar of Kikubaaqudgha.
 45370 | Vaults:3 | Found a basalt altar of Yredelemnul.
 45617 | Vaults:3 | Received a gift from Trog
 46436 | Vaults:3 | Found Yxybriha's Book Shoppe.
 46966 | Vaults:3 | You fall into a shaft and drop 1 floor!
 47396 | Vaults:4 | Noticed Margery
 47409 | Vaults:4 | Killed Margery
 47421 | Vaults:4 | Reached skill level 23 in Axes
 47543 | Vaults:4 | Received a gift from Trog
 47585 | Vaults:4 | Noticed Aizul
 47598 | Vaults:4 | Killed Aizul
 48929 | Vaults:5 | Entered Level 5 of the Vaults
 49015 | Vaults:4 | Cast into level 3 of the Abyss (vault guard)
 49110 | Abyss:3  | Received a gift from Trog
 49132 | Abyss:3  | Gained mutation: Your magical capacity is low. (-10% MP) [a
                  | neqoxec]
 49271 | Vaults:4 | Escaped the Abyss
 49295 | Vaults:4 | Reached XP level 22. HP: 148/213 MP: 18/18
 49308 | Vaults:4 | Lost mutation: You occasionally shout uncontrollably at
                  | your foes. [potion of mutation]
 49308 | Vaults:4 | Lost mutation: You are weak. (Str -2) [potion of mutation]
 49308 | Vaults:4 | Lost mutation: Your magical capacity is low. (-10% MP)
                  | [potion of mutation]
 49308 | Vaults:4 | Lost mutation: You are strong-willed. (Will+) [potion of
                  | mutation]
 49308 | Vaults:4 | Gained mutation: Your flesh is cold resistant. (rC+)
                  | [potion of mutation]
 49308 | Vaults:4 | Gained mutation: Your mind is acute. (Int +2) [potion of
                  | mutation]
 49308 | Vaults:4 | Lost mutation: Your mind is acute. (Int +2) [potion of
                  | mutation]
 49308 | Vaults:4 | Gained mutation: Your muscles are strong. (Str +2) [potion
                  | of mutation]
 49550 | Vaults:4 | Reached skill level 24 in Axes
 49560 | Vaults:5 | Paralysed by a sphinx for 5 turns
 49577 | Vaults:5 | Reached skill level 5 in Dodging
 49577 | Vaults:5 | Reached XP level 23. HP: 78/222 MP: 22/22
 50301 | Vaults:5 | Found Quwiy's Book Shoppe.
 50643 | Vaults:5 | Noticed an ancient lich
 50652 | Vaults:5 | Killed an ancient lich
 50757 | Vaults:5 | Noticed an ancient lich
 50765 | Vaults:5 | Killed an ancient lich
 51753 | Vaults:5 | Noticed an ancient lich
 51761 | Vaults:5 | Killed an ancient lich
 51775 | Vaults:5 | Gained mutation: You are frail. (-10% HP) [a neqoxec]
 52345 | Vaults:5 | Found the +2 cloak of the Thief {*Fog Slay-2 SInv Stlth+}
 52445 | Vaults:5 | Got a shimmering scimitar
 52446 | Vaults:5 | Identified the +1 scimitar of the Head {chaos, rF+} (You
                  | found it on level 5 of the Vaults)
 52504 | Vaults:5 | Reached XP level 24. HP: 186/209 MP: 13/22
 52786 | Vaults:5 | Identified the +4 scale mail of Lifelessness {Will+ Int+3
                  | SInv}
 52802 | Vaults:5 | Received a gift from Trog
 53263 | Vaults:5 | Reached skill level 5 in Staves
 53636 | Vaults:5 | Reached skill level 25 in Axes
 53751 | Vaults:5 | Got a silver rune of Zot
 54133 | Slime:1  | Entered Level 1 of the Pits of Slime
 54164 | Slime:1  | Gained mutation: You evolve. [a shining eye]
 54752 | Slime:1  | Gained mutation: You are agile. (Dex +2) [evolution]
 55233 | Slime:2  | Received a gift from Trog
 55462 | Slime:3  | Noticed Dissolution
 55466 | Slime:3  | Killed Dissolution
 55651 | Slime:2  | Gained mutation: You have sharp toenails. [a shining eye]
 55682 | Slime:2  | Gained mutation: Scrolls take you a little longer to read.
                  | [a shining eye]
 56339 | Slime:4  | Gained mutation: You occasionally shout uncontrollably at
                  | your foes. [a shining eye]
 56345 | Slime:4  | Gained mutation: Scrolls take you longer to read. [a
                  | shining eye]
 56348 | Slime:4  | Gained mutation: Scrolls take you much longer to read. [a
                  | shining eye]
 56744 | Slime:5  | Entered Level 5 of the Pits of Slime
 57062 | Slime:5  | Noticed the Royal Jelly
 57404 | Slime:5  | Killed the Royal Jelly
 57405 | Slime:5  | Reached skill level 26 in Axes
 57734 | Slime:5  | Reached XP level 25. HP: 67/218 MP: 22/22
 58399 | Slime:5  | Gained mutation: You sometimes yell uncontrollably at your
                  | foes. [a shining eye]
 58433 | Slime:5  | Received a gift from Trog
 58559 | Slime:5  | Identified the Handbook of Conjuration
 58561 | Slime:5  | Got a fine marble ring
 58569 | Slime:5  | Identified the ring of the Shining Light {*Tele Dex+2} (You
                  | found it on level 5 of the Pits of Slime)
 58579 | Slime:5  | Got a masterwork quarterstaff
 58589 | Slime:5  | Identified the +8 quarterstaff "Beastslayer" {freeze, rPois
                  | rF+ Dex-4} (You found it on level 5 of the Pits of Slime)
 58594 | Slime:5  | Identified the Reference Book on Transmutation
 58620 | Slime:5  | Identified the Disquisition on Slavery and Confrontation
 58642 | Slime:5  | Identified the amulet of Lybe {Spirit *Slow rC+ Int+2} (You
                  | found it on level 5 of the Pits of Slime)
 58673 | Slime:5  | Got a slimy rune of Zot
 58674 | Slime:5  | Identified the Collected Works on Supportive Transmigration
 58686 | Slime:5  | Got an ancient quarterstaff
 58687 | Slime:5  | Identified the +4 quarterstaff "Wizivo Gote" {holy, Str+4
                  | Int+4} (You found it on level 5 of the Pits of Slime)
 59432 | Crypt:1  | Entered Level 1 of the Crypt
 60367 | Crypt:1  | Received a gift from Trog
 61197 | Crypt:2  | Paralysed by a vampire knight for 7 turns
 61516 | Crypt:2  | Found a huge runed gate.
 61516 | Crypt:2  | Found a huge runed gate.
 61516 | Crypt:2  | Found a huge runed gate.
 61516 | Crypt:2  | Found a huge runed gate.
 61516 | Crypt:2  | Found a huge runed gate.
 61516 | Crypt:2  | Found a huge runed gate.
 61516 | Crypt:2  | Found a huge runed gate.
 61516 | Crypt:2  | Found a huge runed gate.
 61518 | Crypt:2  | Found a huge runed gate.
 61519 | Crypt:2  | Found a huge runed gate.
 61520 | Crypt:2  | Found a huge runed gate.
 61521 | Crypt:2  | Found a huge runed gate.
 61522 | Crypt:2  | Found a huge runed gate.
 62520 | Crypt:2  | Found a huge runed gate.
 62520 | Crypt:2  | Found a huge runed gate.
 62520 | Crypt:2  | Found a huge runed gate.
 62520 | Crypt:2  | Found a huge runed gate.
 62527 | Crypt:2  | Found a huge runed gate.
 62527 | Crypt:2  | Found a huge runed gate.
 62527 | Crypt:2  | Found a huge runed gate.
 62527 | Crypt:2  | Found a huge runed gate.
 62527 | Crypt:2  | Found a huge runed gate.
 62541 | Crypt:2  | Found a huge runed gate.
 62542 | Crypt:2  | Found a huge runed gate.
 62551 | Crypt:2  | Found a huge runed gate.
 62551 | Crypt:2  | Found a huge runed gate.
 62551 | Crypt:2  | Found a huge runed gate.
 62575 | Crypt:2  | Killed from afar by a hellephant

Illustrated notes

Levels and vault maps discovered:
D:1:      zelgadis_glass_arrival_small, layout_basic, minmay_fountain_box
D:2:      layout_basic, uniq_natasha, uniq_terence, uniq_jessica
D:3:      layout_basic, corner_web_ring
D:4:      layout_rooms, serial_curves, eino_curves_02, eino_curves_02,
          minmay_bent, uniq_purgy, uniq_crazy_yiuf_cottage, uniq_edmund
D:5:      layout_layer_cave, uniq_pikel
D:6:      layout_gridville, nzn_wu_jian_contemplation,
          minmay_temple_entry_mini_moons, gup_sewer_entry_spiral,
          hangedman_abyss_or_decor_stagger
D:7:      layout_basic, nicolae_ossuary_entry_ruins
D:8:      minmay_octagon_keep, layout_basic
D:9:      layout_cave_pods, okawaru_metal_pillars_3
D:10:     layout_irregular_city, kennysheep_orc_monster_closet_entryway,
          gammafunk_ghost_mausoleum, serial_shops, shop, enter_trove_2,
          uniq_harold
D:11:     layout_roguey, minmay_lair_entry_grove
D:12:     layout_roguey [special_room_bee], eino_curves_01, uniq_maurice
D:13:     minmay_inner_zag, layout_gridville, lightli_church_of_beogh
D:14:     layout_roguey, nicolae_ru_sacrificial_ziggurat,
          grunt_decor_resistance, kennysheep_minor_cross, uniq_roxanne
D:15:     grunt_enter_depths_magical_seal, layout_basic, tso_altar,
          minmay_guarded_unrand_prune, uniq_louise
Temple:   grunt_wide_crystal_templ
Lair:1:   gammafunk_lair_enchanted_lake, layout_regular_city,
          grunt_forest_large_clearing_hut, minmay_lair_oklob_chamber
Lair:2:   layout_concentric_octagons, enter_volcano_2, basic_altar,
          lemuel_old_faithful
Lair:3:   layout_chaotic_city, minmay_snake_entry_six_corridors,
          gauntlet_entry_generic, wad_woods_road_03, uniq_fannar
Lair:4:   layout_cave_pods, nicolae_swamp_entry_splash_gauntlet,
          grunt_megastairs_1
Lair:5:   layout_hall_layers, slime_altar_2, tgw_fedhas
Lair:6:   guppyfry_lair_end_dragon, layout_loops_ring, hangedman_lair_in_review,
          infiniplex_staircase_pool_2
Swamp:1:  layout_basic_swamp, nicolae_swamp_triple_paths,
          infiniplex_staircase_pool, uniq_josephine
Swamp:2:  layout_falls_marsh, evilmike_swamp_ruin_house_4
Swamp:3:  layout_basic_swamp, hangedman_swamp_ruin_hall, uniq_mara
Swamp:4:  swamp_fiery, layout_basic_swamp, swamp_pool3, hangedman_swamp_cone,
          uniq_nikola
Snake:1:  layout_onion_interference, uniq_donald
Snake:2:  layout_onion
Snake:3:  minmay_snake_river, layout_cave_town, st_stairs_5
Snake:4:  grunt_snake_rune_serpentine_throne, layout_grid_shapes, serial_shops,
          shop, corexii_hall_statues_deadend, nicolae_snake_horde_hoard,
          lemuel_fruit_tree
Slime:1:  layout_caves
Slime:2:  layout_caves
Slime:3:  layout_caves, dissolution_awaits
Slime:4:  layout_caves
Slime:5
Orc:1:    layout_caves, basic_altar
Orc:2:    st_orc_elflike, layout_caves, biasface_ghost_orc_armoury
Elf:1:    elf_arrival_001, layout_geoelf_octagon, serial_shops, shop,
          mu_enter_wizlab_4, special_room [special_room_orc], serial_aquarium,
          aquarium_bridge_island_small [aquarium_subvault_small_open,
          aquarium_subvault_bridge, aquarium_subvault_wall,
          aquarium_subvault_wall, aquarium_subvault_bridge],
          aquarium_bridge_long_separate [aquarium_subvault_bridge,
          aquarium_subvault_window, aquarium_subvault_wall,
          aquarium_subvault_wall, aquarium_subvault_bridge,
          aquarium_subvault_bridge], aquarium_window_2, aquarium_window_fake,
          aquarium_view_2b, aquarium_pool_1, kennysheep_underground_church,
          uniq_frances, uniq_agnes
Elf:2:    layout_geoelf_octagon, gammafunk_ghost_wrathful_warriors,
          serial_shops, nicolae_shop_temple_entry_statues_fountains,
          portal_ice_cave_entry_ugly_swarm, st_stairs_6, minivault_8
Elf:3:    elf_hall, layout_gridlike, serial_shops,
          nicolae_shop_overgrown_old_shop, minivault_11, grunt_ministairs_13,
          nrook_loot_triangle
Vaults:1: v_misc_26, vaults_room_pool, v_misc_18, vaults_room_hallway,
          v_misc_33, nicolae_vaults_border_crossing, ontoclasm_vaults_spin,
          v_misc_25, layout_vaults_omnigrid, serial_shops, shop
Vaults:2: vaults_room_octagon, v_misc_13, nicolae_vaults_little_ls,
          nicolae_vaults_angled_halls, v_rooms_4, v_pattern_2,
          grunt_vaults_focal, nicolae_vaults_network_barrier,
          hangedman_vaults_stitches, st_diamondy, v_misc_11,
          nicolae_vaults_little_squares_2, layout_vaults_maze_bifur,
          serial_shops, nicolae_shop_overgrown_old_shop
Vaults:3: ontoclasm_vaults_ring_small, minmay_crypt_entry_necro_gods,
          ontoclasm_vaults_chip, v_misc_23, v_pattern_1, vaults_dpeg_ring,
          vaults_dpeg_diagonal, v_rooms_5, ontoclasm_vaults_misaligned,
          ontoclasm_vaults_chip, v_misc_2, v_misc_11,
          nicolae_vaults_little_squares_4, vaults_room_stairs_pillars,
          v_misc_14, v_misc_16, nicolae_vaults_shelves_hall,
          layout_vaults_omnibox, serial_shops, shop, basic_altar
Vaults:4: vaults_dpeg_encased_lava, hangedman_vaults_stagger, vaults_room_boxed,
          nicolae_vaults_triangles, nicolae_vaults_network_square,
          nicolae_vaults_mini_display_case, nicolae_vaults_little_squares_1,
          nicolae_vaults_ring_of_whatevers, dpeg_vaults_monster_box,
          nicolae_vaults_ring_of_whatevers, nicolae_vaults_little_squares_6,
          hangedman_vaults_impose, vaults_mumra_chevron_long,
          layout_vaults_big_room, uniq_margery, uniq_aizul
Vaults:5
Crypt:1:  layout_regular_city, eino_tiny_chamber, grunt_megastairs_2
Crypt:2:  layout_regular_city, ebering_dispersal_statue_hall, not_door_vault_due

Skill      XL: |  1  2  3  4  5  6  7  8  9 10 11 12 13 14 15 16 17 18 19 20 21 22 23 24 25 |
---------------+----------------------------------------------------------------------------+-----
Maces & Flails | 4 5 6 |  6.2
Fighting       | 4 5 6 8 9 11 12 14 15 16 17 18 19 20 21 22 23 | 23.9
Dodging        | 3 4 5 |  5.1
Armour         | 3 4 6 7 8 9 11 12 13 14 15 16 17 18 19 20 21 22 23 | 23.4
Short Blades   | 1 2 4 5 6 |  6.0
Stealth        | 1 3 4 5 |  5.6
Staves         | 1 2 5 |  5.5
Axes           | 2 8 11 14 15 16 17 18 19 20 21 23 24 26 | 26.5
Shields        | 5 9 11 14 16 18 20 21 22 23 | 23.4
Polearms       | 5 8 |  8.6
Evocations     | 1 2 |  2.2
Long Blades    | |  0.8
Slings         | |  0.4
Bows           | |  0.4
Crossbows      | |  0.6
Throwing       | |  0.3
Unarmed Combat | |  0.6
Spellcasting   | |  0.1
Conjurations   | |  0.2
Hexes          | |  0.1
Summonings     | |  0.2
Necromancy     | |  0.3
Translocations | |  0.2
Transmutations | |  0.2
Fire Magic     | |  0.3
Ice Magic      | |  0.3
Air Magic      | |  0.2
Earth Magic    | |  0.2
Poison Magic   | |  0.2
Invocations    | |  0.7

Action                   |  1- 3 |  4- 6 |  7- 9 | 10-12 | 13-15 | 16-18 | 19-21 | 22-24 | 25-27 || total
-------------------------+-------+-------+-------+-------+-------+-------+-------+-------+-------++-------
Melee: Mace              |    27 |       |       |       |       |       |       |       |       ||    27
       Headbutt          |     5 |    32 |    31 |   120 |   336 |   349 |   370 |   294 |    95 ||  1632
       Whip              |    13 |    20 |       |       |       |       |       |       |       ||    33
       Short sword       |       |   121 |     9 |       |       |       |       |       |       ||   130
       Quarterstaff      |       |       |    23 |       |       |       |       |       |       ||    23
       Hand axe          |       |       |   219 |   518 |   939 |  1223 |   531 |   377 |       ||  3807
       Morningstar       |       |       |     7 |       |       |       |       |       |       ||     7
       Glaive            |       |       |       |       |    50 |       |    43 |       |       ||    93
       Quick blade       |       |       |       |       |   100 |       |       |       |       ||   100
       Executioner's axe |       |       |       |       |       |       |   563 |   207 |    30 ||   800
       War axe           |       |       |       |       |       |       |   110 |   119 |   221 ||   450
       Lajatang          |       |       |       |       |       |       |       |    28 |       ||    28
Invok: Brothers in Arms  |       |       |       |     1 |    11 |    11 |     9 |    11 |     1 ||    44
       Berserk           |       |       |       |       |     3 |     1 |     2 |     5 |     4 ||    15
Evoke: Wand              |       |       |       |       |       |     3 |    11 |     6 |       ||    20
  Use: Scroll            |       |     7 |    12 |    12 |    14 |    21 |    23 |    12 |    10 ||   111
       Potion            |       |     1 |       |     2 |     5 |     4 |     9 |    10 |       ||    31
 Stab: Sleeping          |     1 |       |       |       |       |       |       |       |       ||     1
       Petrified         |       |       |       |     1 |    13 |       |       |       |       ||    14
       Petrifying        |       |       |       |     1 |       |       |       |       |       ||     1
       Distracted        |       |       |       |       |     2 |     2 |     3 |     6 |       ||    13
       Confused          |       |       |       |       |       |     1 |       |       |       ||     1
Armor: Animal skin       |    15 |     6 |       |       |       |       |       |       |       ||    21
       Ring mail         |       |     4 |       |       |       |       |       |       |       ||     4
       Scale mail        |       |    48 |       |       |       |       |       |       |       ||    48
       Chain mail        |       |     6 |    46 |       |       |       |       |       |       ||    52
       Crystal plate arm |       |       |   132 |   298 |   510 |   479 |   664 |   408 |   106 ||  2597
Dodge: Dodged            |    31 |   110 |   166 |   259 |   220 |   186 |   259 |   185 |    43 ||  1459
Block: Kite shield       |       |       |       |       |   554 |  1137 |   397 |   369 |   178 ||  2635
       Reflection        |       |       |       |       |     5 |   106 |    64 |    14 |     2 ||   191
       Other             |       |       |       |       |       |       |   134 |    50 |     4 ||   188
